 Dungeon Crawl Stone Soup version 0.25-a0-35-g747a2b3 (webtiles) character file.

Game seed: 683518857573860533, levelgen mode: deterministic

282 TheGoonsmith the Digger (level 6, -1/32 HPs)
             Began as a Gargoyle Earth Elementalist on Oct 17, 2019.
             Slain by an orc
             ... wielding a +0 flail
              (5 damage)
             ... on level 4 of the Dungeon on Oct 18, 2019.
             The game lasted 00:09:25 (3984 turns).

TheGoonsmith the Digger (GrEE)                      Turns: 3984, Time: 00:09:25

Health: -1/32      AC: 10    Str: 17    XL:     6   Next: 28%
Magic:  1/11       EV: 11    Int: 17    God:
Gold:   105        SH:  0    Dex: 10    Spells: 4/12 levels left

rFire    . . .     SeeInvis +   q - +0 flail
rCold    . . .     Gourm    .   (no shield)
rNeg     + . .     Faith    .   r - +0 ring mail
rPois    ∞         Spirit   .   (no helmet)
rElec    +         Reflect  .   (no cloak)
rCorr    .         Harm     .   n - +0 pair of gloves
MR       .....                  (no boots)
Stlth    +.........             (no amulet)
HPRegen  0.10/turn              s - ring of see invisible
MPRegen  0.12/turn              (no ring)

@: mighty
A: negative energy resistance 1, electricity resistance, unbreathing,
petrification resistance, rot immunity, AC +4
a: no special abilities


You were on level 4 of the Dungeon.
You were not hungry.

You visited 1 branch of the dungeon, and saw 4 of its levels.

You collected 105 gold pieces.

Inventory:

Hand Weapons
 h - a +0 whip
 q - a +0 flail (weapon)
Missiles
 b - 20 stones (quivered)
Armour
 c - a +0 robe
 n - a +0 pair of gloves (worn)
 r - a +0 ring mail (worn)
 t - a +0 scale mail
Jewellery
 s - a ring of see invisible (left hand)
Scrolls
 a - a scroll of remove curse
 e - a scroll of enchant weapon {unknown}
 j - 3 scrolls of identify {unknown}
 l - 2 scrolls of enchant armour {unknown}
 p - 2 scrolls of immolation {unknown}
 u - a scroll of blinking {unknown}
Potions
 g - a potion of heal wounds {unknown}
 k - a potion of lignification {unknown}
 m - a potion of berserk rage {unknown}
 o - a potion of curing {unknown}
 v - a potion of might
 w - a potion of cancellation {unknown}
Comestibles
 d - 8 rations


   Skills:
 + Level 3.0 Maces & Flails
 - Level 1.5 Dodging
 - Level 2.1 Stealth
 + Level 3.8 Spellcasting
 - Level 0.7 Transmutations
 + Level 5.7 Earth Magic


You had 4 spell levels left.
You knew the following spells:

 Your Spells              Type           Power        Failure   Level  Hunger
a - Sandblast             Erth           ###...       2%          1    None
c - Petrify               Tmut/Erth      ##......     61%         4    ####...
x - Stone Arrow           Conj/Erth      ##....       28%         3    ###....

Your spell library contained the following spells:

 Spells                   Type           Power        Failure   Level  Hunger
 Passwall                 Tmut/Erth      ##......     12%         2    ##.....
 Lee's Rapid Deconstruct  Erth           ###.......   61%         5    ######.


Dungeon Overview and Level Annotations

Branches:
Dungeon (4/15)
 Temple: D:4-7

Altars:
Dithmenos
The Shining One

Annotations:
D:3 Pikel


Innate Abilities, Weirdness & Mutations

You are resistant to torment.
Your stone body is resilient. (AC +4)
You are immune to poison.
You resist negative energy. (rN+)
You are resistant to electric shocks. (rElec)
You can survive without breathing.
You are immune to petrification.
You are immune to rotting.


Message History

Confirm with . or Enter, or press ? or * to list all spells.
You don't have enough magic to cast that spell.
You hit the orc but do no damage.
The orc is severely wounded.
The orc hits you with a +0 flail.
* * * LOW HITPOINT WARNING * * *
You hit the orc but do no damage.
The orc is severely wounded.
The orc hits you but does no damage.
You hit the orc but do no damage.
The orc is severely wounded.
The orc hits you but does no damage.
You completely miss the orc.
The orc is severely wounded.
The orc hits you with a +0 flail.
* * * LOW HITPOINT WARNING * * *
It was a potion of might.
You feel very mighty all of a sudden. The orc hits you with a +0 flail.
You die...

#........#.#..#.##
#........)........
......$.#.#....#
####..............
.......#.###...###.
#####...............
#...................
#.#.......###...##.
#####..........o@...#
............#.###...#
............###
.......
..............#
...##..
######.......... .....
. ######........##
...##.
.....................
.
......................
...).............


You could see an orc.

Vanquished Creatures
  A slave (D:4)
  2 orc priests
  A bullfrog skeleton (D:4)
  An orc wizard (D:3)
  2 worker ants
  3 adders
  2 oozes (D:3)
  3 worms
  2 dart slugs
  3 leopard geckos
  7 orcs
  10 bats
  A giant cockroach (D:1)
  8 hobgoblins
  3 jackals (D:2)
  5 kobolds
  2 quokkas
  3 ball pythons
  5 frilled lizards
  5 goblins
  3 rats
72 creatures vanquished.

Notes
Turn   | Place    | Note
-------+----------+-------------------------------------------
     0 | D:1      | TheGoonsmith the Gargoyle Earth Elementalist began the
                  | quest for the Orb.
     0 | D:1      | Reached XP level 1. HP: 10/10 MP: 3/3
   167 | D:1      | Reached XP level 2. HP: 15/15 MP: 3/5
   211 | D:1      | Reached skill level 4 in Earth Magic
   916 | D:2      | Reached XP level 3. HP: 19/19 MP: 3/6
  1004 | D:2      | Found a glowing golden altar of the Shining One.
  1053 | D:2      | Reached skill level 1 in Maces & Flails
  2057 | D:3      | Reached XP level 4. HP: 24/24 MP: 3/8
  2288 | D:3      | Reached skill level 5 in Earth Magic
  2288 | D:3      | Reached XP level 5. HP: 7/28 MP: 0/9
  2681 | D:3      | Upgraded the game from 0.25-a0-34-g1393849 to
                  | 0.25-a0-35-g747a2b3
  3055 | D:3      | Learned a level 3 spell: Stone Arrow
  3060 | D:3      | Learned a level 4 spell: Petrify
  3208 | D:4      | Noticed Pikel
  3208 | D:4      | Noticed a slave
  3208 | D:4      | Noticed a slave
  3208 | D:4      | Noticed a slave
  3208 | D:4      | Noticed a slave
  3666 | D:4      | Found a shadowy altar of Dithmenos.
  3708 | D:4      | Reached XP level 6. HP: 32/32 MP: 9/11
  3787 | D:4      | Killed a slave
  3984 | D:4      | Slain by an orc

Levels and vault maps discovered:
D:1:      elethiomel_arrival_shortcut, layout_basic
D:2:      layout_loops_corners, tso_oasis_becter
D:3:      layout_rooms
D:4:      minmay_general_purpose_star, layout_basic, first_ration,
          nicolae_dithmenos_through_a_glass_darkly, uniq_pikel

Skill      XL: |  1  2  3  4  5  6 |
---------------+-------------------+-----
Earth Magic    | 4 5 |  5.7
Maces & Flails | 1 2 3 |  3.0
Spellcasting   | 3 |  3.8
Dodging        | |  1.5
Stealth        | |  2.1
Transmutations | |  0.7

Action                   |  1- 3 |  4- 6 || total
-------------------------+-------+-------++-------
Melee: Unarmed           |    12 |       ||    12
       Whip              |    75 |       ||    75
       Flail             |    13 |   115 ||   128
 Cast: Sandblast         |    32 |    41 ||    73
  Use: Scroll            |       |     4 ||     4
       Potion            |       |     1 ||     1
 Stab: Sleeping          |     1 |       ||     1
  Eat: Chunk             |     4 |     3 ||     7
       Ration            |       |     1 ||     1
Armor: Robe              |    43 |       ||    43
       Skin              |     7 |       ||     7
       Ring mail         |     6 |    81 ||    87
Dodge: Dodged            |   102 |    90 ||   192

Table legend:
 A = Non-vault XP
 B = Vault XP
 C = Vault XP percentage of total XP
 D = Non-vault monster count
 E = Vault monster count
 F = Vault count percentage of total count
                 A         B        C        D         E       F
            +---------+---------+-------+---------+---------+-------
      Total |     404 |       0 |   0.0 |      71 |       0 |   0.0
            +---------+---------+-------+---------+---------+-------
        D:1 |      31 |       0 |   0.0 |      18 |       0 |   0.0
        D:2 |      61 |       0 |   0.0 |      19 |       0 |   0.0
        D:3 |     176 |       0 |   0.0 |      27 |       0 |   0.0
        D:4 |     136 |       0 |   0.0 |       7 |       0 |   0.0
            +---------+---------+-------+---------+---------+-------
